 Dungeon Crawl Stone Soup version 0.30.0-29-ga12c61a403 (webtiles) character file.

Game seed: 18060131699837833738

1220 leafyfresh the Covert (level 8, -1/69 HPs)
             Began as a Gnoll Delver on June 16, 2023.
             Was a Believer of Ashenzari.
             Slain by a wraith (7 damage)
             ... on level 5 of the Dungeon.
             The game lasted 00:08:02 (6878 turns).

leafyfresh the Covert (Gnoll Delver)                Turns: 6878, Time: 00:08:02

Health: -1/69      AC:  8    Str: 11    XL:     8   Next: 47%
Magic:  14/14      EV: 14    Int: 10    God:    Ashenzari [**....]
Gold:   323        SH:  0    Dex: 16    Spells: 15/15 levels left

rFire   . . .        m - +2 trident of the Profound Cosmos {freeze, Alch, Self} (curse)
rCold   . . .        (no shield)
rNeg    . . .        b - +0 leather armour of Ashenzari's Loss {Bglg, Range} (curse)
rPois   .            i - +0 helmet
rElec   .            z - +1 cloak {Stlth+}
rCorr   .            (no gloves)
SInv    +            w - +1 pair of boots
Will    .....        s - amulet "At What Cost Knowledge?" {Acrobat, Evo, Melee} (curse)
Stlth   +++++        (no ring)
HPRegen 0.31/turn    (no ring)
MPRegen 0.14/turn

%: acrobat
@: slowed, very slow
A: fangs 1, strong nose, distributed training
a: Renounce Religion, Curse Item, Shatter the Chains


You were on level 5 of the Dungeon.
You worshipped Ashenzari.
Ashenzari was pleased with you.
You visited 2 branches of the dungeon, and saw 7 of its levels.

You collected 323 gold pieces.

Inventory:

Hand Weapons
 a - a +0 short sword
 m - the cursed +2 trident of the Profound Cosmos (weapon) {freeze, Alch, Self}
   (You took it off an orc on level 3 of the Dungeon)

   It has a curse which improves the following skills: Alchemy: Poison Magic and
   Transmutations.
   Introspection: Fighting and Spellcasting.
 u - a +1 short sword of draining
 y - a +3 quarterstaff of chaos
Missiles
 r - a throwing net (quivered)
 x - 6 javelins
Armour
 b - the cursed +0 leather armour of Ashenzari's Loss (worn) {Bglg, Range}

   It has a curse which improves the following skills: Beguiling: Conjurations,
   Hexes and Translocations.
   Ranged Combat: Ranged Weapons and Throwing.
 i - a +0 helmet (worn)
 w - a +1 pair of boots (worn)
 z - a +1 cloak of stealth (worn)
Jewellery
 s - the cursed amulet "At What Cost Knowledge?" (around neck) {Acrobat, Evo, Melee}
   (You took it off a gnoll on level 3 of the Dungeon)

   [amulet of the acrobat]

   It increases your evasion while moving and waiting.
   It has a curse which improves the following skills: Evocations: Evocations.
   Melee Combat: Short Blades, Long Blades, Axes, Maces & Flails, Polearms,
   Staves and Unarmed Combat.
Wands
 g - a wand of digging (3)
Scrolls
 c - 2 scrolls of fog
 d - a scroll of magic mapping
 e - 2 scrolls of fear
 h - a scroll of noise
 j - 2 scrolls of torment
 n - 3 scrolls of identify
 o - a scroll of enchant weapon
 p - a scroll of poison
 q - 2 scrolls of teleportation
 t - a scroll of vulnerability
 A - a scroll of silence
 B - a scroll of amnesia
Potions
 f - a potion of haste
 k - 2 potions of heal wounds
 l - 4 potions of curing
 v - 2 potions of invisibility


   Skills:
 + Level 7.4(8.6) Fighting
 + Level 5.8(6.9) Short Blades
 + Level 3.4(4.4) Long Blades
 + Level 3.4(4.4) Axes
 + Level 3.4(4.4) Maces & Flails
 + Level 3.4(4.4) Polearms
 + Level 3.4(4.4) Staves
 + Level 3.4(4.4) Ranged Weapons
 + Level 3.4(4.4) Throwing
 + Level 3.4 Armour
 + Level 5.8 Dodging
 + Level 10.2 Stealth
 + Level 3.4 Shields
 + Level 3.4(4.4) Unarmed Combat
 + Level 3.4(4.4) Spellcasting
 + Level 2.8(3.8) Conjurations
 + Level 2.8(3.8) Hexes
 + Level 2.8 Summonings
 + Level 2.8 Necromancy
 + Level 2.8(3.8) Translocations
 + Level 2.8(3.8) Transmutations
 + Level 2.8 Fire Magic
 + Level 2.8 Ice Magic
 + Level 2.8 Air Magic
 + Level 2.8 Earth Magic
 + Level 2.8(3.8) Poison Magic
 + Level 3.8 Invocations
 + Level 3.4(4.4) Evocations


You had 15 spell levels left.
You didn't know any spells.
Your spell library contained the following spells:

 Spells                   Type           Power      Damage    Failure   Level
 Shock                    Conj/Air       32%        1d5       8%          1
 Swiftness                Air            7%         N/A       28%         3
 Olgreb's Toxic Radiance  Pois           9%         N/A       54%         4
 Airstrike                Air            3%         2d(1-17)  67%         4
 Discord                  Hex            4%         N/A       100%        8
 Ignition                 Fire           3%         3d4       100%        8


Dungeon Overview and Level Annotations

Branches:
Dungeon (6/15)             Temple (1/1) D:4

Altars:
Ashenzari
Dithmenos
Elyvilon
Fedhas
Gozag
Kikubaaqudgha
Makhleb
Nemelex Xobeh
Qazlal
Sif Muna
Trog
Vehumet
Xom
Zin
The Shining One

Shops:
D:4 =


Innate Abilities, Weirdness & Mutations

You have very sharp teeth.
Your uncanny sense of smell can sniff out nearby items.
Your experience applies equally to all skills.


Message History

The wraith hits you but does no damage. The wraith hits you!
The wraith drains your vigour!
You feel as though you will be slow longer.
You hit the wraith. You freeze the wraith.
The wraith is almost destroyed.
The wraith hits you. The wraith drains your vigour!
You feel as though you will be slow longer.
You barely miss the wraith.
The wraith is almost destroyed.
The wraith hits you but does no damage. The wraith hits you.
The wraith drains your vigour!
You feel as though you will be slow longer.
You hit the wraith but do no damage.
The wraith is almost destroyed.
The wraith hits you. The wraith barely misses you.
You barely miss the wraith.
The wraith is almost destroyed.
The wraith hits you. The wraith drains your vigour!
You feel as though you will be slow longer.
You are too injured to fight recklessly!
You are too injured to fight recklessly!
You are too injured to fight recklessly!
You are too injured to fight recklessly!
You closely miss the wraith.
The wraith is almost destroyed.
The wraith hits you!
* * * LOW HITPOINT WARNING * * *
The wraith hits you but does no damage.
You closely miss the wraith.
The wraith is almost destroyed.
The wraith hits you!
* * * LOW HITPOINT WARNING * * *
You hit the wraith. Your bite misses the wraith.
The wraith is almost destroyed.
The wraith hits you but does no damage. The wraith hits you!
* * * LOW HITPOINT WARNING * * *
You hit the wraith but do no damage.
The wraith is almost destroyed.
The wraith hits you!
You die...

#.#.# #..##.# ##+## #.
##.#.# #..##.# #.# #.
.....# ####.....# #.# #.
##.### #......### ##.##
#. #.# #.##.#.#
##...######. #f# #.##.#.#
#.........#. #.# #.##.#.#
##...####.#. ##.#
#.##.#.########..##......
...#
#.##...W@...........##.##
####
#......########.######.#
######## #.######.#
#........# ##########


You could see a wraith.

Vanquished Creatures
  A water moccasin (D:5)
  An orc warrior (D:3)
  An ogre (D:5)
  A centaur (D:5)
  A scorpion (D:4)
  A howler monkey (D:4)
  4 hounds
  4 orc priests
  A gnoll bouda (D:3)
  An iguana (D:6)
  Crazy Yiuf (D:2)
  3 sleepcaps
  Natasha (thrice) (D:4)
  9 gnolls
  6 adders
  A white imp (D:3)
  3 ufetubi
  A worm (D:2)
  2 dart slugs
  18 orcs
  11 ball pythons
  7 endoplasms
  7 giant cockroaches
  6 hobgoblins
  3 jackals (D:1)
  2 kobolds
  7 quokkas
  3 bats
  5 frilled lizards
  9 goblins
  3 rats
126 creatures vanquished.

Notes
Turn   | Place    | Note
-------+----------+-------------------------------------------
     0 | D:5      | Reached skill level 9 in Stealth
     0 | D:5      | leafyfresh the Gnoll Delver began the quest for the Orb.
     0 | D:5      | Reached XP level 1. HP: 23/23 MP: 1/1
    39 | D:5      | Noticed an ogre
    44 | D:5      | Killed an ogre
    45 | D:5      | Reached skill level 1 in Long Blades
    45 | D:5      | Reached skill level 1 in Axes
    45 | D:5      | Reached skill level 1 in Maces & Flails
    45 | D:5      | Reached skill level 1 in Polearms
    45 | D:5      | Reached skill level 1 in Staves
    45 | D:5      | Reached skill level 1 in Ranged Weapons
    45 | D:5      | Reached skill level 1 in Throwing
    45 | D:5      | Reached skill level 1 in Armour
    45 | D:5      | Reached skill level 1 in Shields
    45 | D:5      | Reached skill level 1 in Unarmed Combat
    45 | D:5      | Reached skill level 1 in Spellcasting
    45 | D:5      | Reached skill level 1 in Conjurations
    45 | D:5      | Reached skill level 1 in Hexes
    45 | D:5      | Reached skill level 1 in Summonings
    45 | D:5      | Reached skill level 1 in Necromancy
    45 | D:5      | Reached skill level 1 in Translocations
    45 | D:5      | Reached skill level 1 in Transmutations
    45 | D:5      | Reached skill level 1 in Fire Magic
    45 | D:5      | Reached skill level 1 in Ice Magic
    45 | D:5      | Reached skill level 1 in Air Magic
    45 | D:5      | Reached skill level 1 in Earth Magic
    45 | D:5      | Reached skill level 1 in Poison Magic
    45 | D:5      | Reached skill level 1 in Invocations
    45 | D:5      | Reached skill level 1 in Evocations
    45 | D:5      | Reached XP level 2. HP: 29/29 MP: 1/3
    45 | D:5      | Reached XP level 3. HP: 35/35 MP: 1/4
    45 | D:5      | Reached XP level 4. HP: 41/41 MP: 1/5
   139 | D:4      | Found an opulent altar of Gozag.
   382 | D:4      | Reached XP level 5. HP: 47/47 MP: 5/7
   384 | D:4      | Found a staircase to the Ecumenical Temple.
   393 | Temple   | Entered the Ecumenical Temple
   497 | Temple   | Became a worshipper of Ashenzari the Shackled
  1134 | D:3      | Found a shimmering altar of Xom.
  1219 | D:3      | Reached XP level 6. HP: 9/53 MP: 8/8
  1695 | D:3      | Found a glowing golden altar of the Shining One.
  1870 | D:3      | Reached skill level 5 in Short Blades
  1870 | D:3      | Reached skill level 5 in Dodging
  2129 | D:3      | Found a glowing silver altar of Zin.
  2285 | D:3      | Identified the +0 pair of boots of Hide-and-Seek {rPois
                  | rN+++ Int-3 Dex+2 Stlth-}
  2626 | D:4      | Noticed an orc warrior
  2727 | D:2      | Reached * piety under Ashenzari
  3367 | D:2      | Found a runed translucent door.
  3374 | D:2      | Noticed Crazy Yiuf
  3380 | D:2      | Killed Crazy Yiuf
  3381 | D:2      | Reached XP level 7. HP: 61/61 MP: 11/11
  4033 | D:1      | Reached ** piety under Ashenzari
  5186 | D:4      | Noticed Natasha
  5193 | D:4      | Killed Natasha
  5204 | D:4      | Reached skill level 10 in Stealth
  5230 | D:4      | Noticed Natasha
  5240 | D:4      | Killed Natasha
  5284 | D:4      | Noticed Natasha
  5293 | D:4      | Killed Natasha
  5427 | D:4      | Found Mailofiz's Jewellery Shoppe.
  5549 | D:5      | Reached XP level 8. HP: 69/69 MP: 12/14
  6837 | D:6      | Noticed a wraith
  6839 | D:6      | Noticed a cyclops
  6878 | D:5      | Slain by a wraith

Illustrated notes

Levels and vault maps discovered:
D:1:      wander_arrival_chamber, layout_loops_corners, chequers_arboretum,
          minmay_misc_feat_enclosed
D:2:      layout_loops_ring, uniq_crazy_yiuf_cottage
D:3:      layout_loops_corners, mainiacjoe_overflow_concentric_impassable,
          xom_teletrap_fun, tso_metal_star, minmay_ruptured
D:4:      layout_cave_pools, mainiacjoe_overflow_small_starburst,
          minmay_temple_entry_antechambers, serial_shops,
          nicolae_shop_gaudy_bauble, uniq_natasha
D:5:      layout_loops_corners, eino_tiny_chamber
D:6:      cheibrodos_fzero, layout_gridville
Temple:   hc_temple_tempest_star

Skill      XL: |  1  2  3  4  5  6  7 |
---------------+----------------------+-----
Stealth        | 10 | 10.2
Long Blades    | 1 2 3 |  3.4
Axes           | 1 2 3 |  3.4
Maces & Flails | 1 2 3 |  3.4
Polearms       | 1 2 3 |  3.4
Staves         | 1 2 3 |  3.4
Ranged Weapons | 1 2 3 |  3.4
Throwing       | 1 2 3 |  3.4
Armour         | 1 2 3 |  3.4
Shields        | 1 2 3 |  3.4
Unarmed Combat | 1 2 3 |  3.4
Spellcasting   | 1 2 3 |  3.4
Conjurations   | 1 2 |  2.8
Hexes          | 1 2 |  2.8
Summonings     | 1 2 |  2.8
Necromancy     | 1 2 |  2.8
Translocations | 1 2 |  2.8
Transmutations | 1 2 |  2.8
Fire Magic     | 1 2 |  2.8
Ice Magic      | 1 2 |  2.8
Air Magic      | 1 2 |  2.8
Earth Magic    | 1 2 |  2.8
Poison Magic   | 1 2 |  2.8
Invocations    | 1 2 3 |  3.8
Evocations     | 1 2 3 |  3.4
Short Blades   | 5 |  5.8
Dodging        | 5 |  5.8
Fighting       | 7 |  7.4

Action                     |  1- 3 |  4- 6 |  7- 9 || total
---------------------------+-------+-------+-------++-------
  Melee: Short sword       |     1 |   105 |       ||   106
         Punch             |       |     6 |     6 ||    12
         Bite              |       |    39 |    19 ||    58
         Trident           |       |   130 |   182 ||   312
 Invoke: Curse Item        |       |     2 |     1 ||     3
    Use: Scroll            |       |     1 |     1 ||     2
         Potion            |       |       |     2 ||     2
   Stab: Sleeping          |     1 |    24 |    27 ||    52
 Armour: Leather armour    |       |    21 |    34 ||    55
  Dodge: Dodged            |       |   116 |    97 ||   213
